 Dungeon Crawl Stone Soup version 0.19-a0-749-g66ae36b (webtiles) character file.

71 FrankyJ the Cutter (level 4, -3/32 HPs)
             Began as a Halfling Berserker on June 24, 2016.
             Was a Believer of Trog.
             Slain by LostInTranslocation's ghost (9 damage)
             ... on level 3 of the Dungeon.
             The game lasted 00:06:51 (2571 turns).

FrankyJ the Cutter (Halfling Berserker)             Turns: 2571, Time: 00:06:51

Health: -3/32      AC:  2    Str: 18    XL:     4   Next: 47%
Magic:  4/4        EV: 11    Int:  6    God:    Trog [**....]
Gold:   141        SH:  0    Dex: 13    Spells: 0 memorised, 3 levels left

rFire  . . .     SeeInvis .     a - +0 short sword
rCold  . . .     Gourm    .     b - +0 animal skin
rNeg   . . .     Faith    .     (shield restricted)
rPois  .         Spirit   .     (no helmet)
rElec  .         Dismiss  .     (no cloak)
rCorr  .         Reflect  .     (no gloves)
SustAt .         Harm     .     (no boots)
MR     .....                    (no amulet)
Stlth  ++........               (no ring)
                                (no ring)

@: not resistant to hostile enchantments, unstealthy
A: mutation resistance 1
a: Berserk, Trog's Hand, Burn Spellbooks, Renounce Religion


You were on level 3 of the Dungeon.
You worshipped Trog.
Trog was pleased with you.
You were very hungry.

You visited 1 branch of the dungeon, and saw 3 of its levels.

You collected 141 gold pieces.

Inventory:

Hand Weapons
 a - a +0 short sword (weapon)
Missiles
 d - 3 tomahawks (quivered)
Armour
 b - a +0 animal skin (worn)
Jewellery
 m - an uncursed ring of see invisible {unknown}
 o - a +2 ring of dexterity {unknown}
Scrolls
 g - a scroll of immolation {unknown}
 h - a scroll of remove curse {unknown}
 j - a scroll of identify {unknown}
 k - a scroll of enchant armour {unknown}
 n - a scroll of teleportation {unknown}
Potions
 e - a potion of curing {unknown}
 i - a potion of cancellation {unknown}
 l - a potion of brilliance {unknown}
Comestibles
 c - 3 bread rations
 f - 3 beef jerkies
 p - a meat ration


   Skills:
 + Level 3.6 Fighting
 - Level 4.0 Short Blades
 - Level 2.1 Armour
 * Level 3.4 Dodging
 * Level 1.4 Stealth


You had 3 spell levels left.
You didn't know any spells.

Dungeon Overview and Level Annotations

Branches:
Dungeon (3/15)

Altars:

Annotations:
D:3 LostInTranslocation's ghost, amateur FoFi


Innate Abilities, Weirdness & Mutations

You are small and have problems with some larger weapons.
You are somewhat resistant to further mutation.


Message History

LostInTranslocation's ghost (amateur Formicid Fighter) comes into view.
LostInTranslocation's ghost is nearby!
Press: ? - help, v - describe, . - travel
Here: LostInTranslocation's ghost (hasn't noticed you)
The floor.
Found a bread ration.
There is a stone staircase leading up here.
Okay, then.
You're too hungry to go berserk.
LostInTranslocation's ghost hits you!
Ouch! That really hurt!
You hit LostInTranslocation's ghost.
LostInTranslocation's ghost is lightly damaged.
LostInTranslocation's ghost hits you!
* * * LOW HITPOINT WARNING * * *
There is a stone staircase leading up here.
You aren't carrying or standing over any spellbooks.
Unknown command.
LostInTranslocation's ghost hits you!
You die...

## ..# ###.# ..#.#
#####.#.#
#@W...#.#
#..##.#.##########
#>................
#..##.#...........
#...#.#...........
#...#.#.######..#.
%.#.#.#.# ........
####.#.#.#
###^..#. ...#.#
.......#


You could see LostInTranslocation's ghost.

Vanquished Creatures
  2 adders (D:2)
  A worm (D:2)
  A dart slug (D:2)
  6 bats
  5 giant cockroaches
  8 goblins
  4 hobgoblins
  4 jackals
  2 giant newts (D:1)
  5 kobolds
  4 rats
42 creatures vanquished.

Notes
Turn   | Place    | Note
--------------------------------------------------------------
     0 | D:1      | FrankyJ the Halfling Berserker began the quest for the Orb.
     0 | D:1      | Reached XP level 1. HP: 15/15 MP: 1/1
   137 | D:1      | Reached XP level 2. HP: 3/20 MP: 2/2
   141 | D:1      | HP: 1/20 [jackal (2)]
   785 | D:1      | Reached XP level 3. HP: 19/26 MP: 3/3
  1038 | D:1      | Reached ** piety under Trog
  1716 | D:2      | Reached skill level 1 in Stealth
  1716 | D:2      | Reached XP level 4. HP: 24/31 MP: 4/4
  2563 | D:3      | Noticed LostInTranslocation's ghost (amateur FoFi)
  2571 | D:3      | Slain by LostInTranslocation's ghost

Vault maps used:
D:1:      noname_arrival_rooms_in_the_neighbourhood, minmay_small_reverse_x
D:2:      first_bread

Skill      XL: |  1  2  3 |
---------------+----------+-----
Fighting       | 3 |  3.6
Dodging        | 3 |  3.4
Stealth        | 1 |  1.4
Short Blades   | |  4.0
Armour         | |  2.1

Action                   |  1- 3 |  4- 6 || total
-------------------------+-------+-------++-------
Melee: Short sword       |   107 |    43 ||   150
 Stab: Sleeping          |     4 |       ||     4
  Eat: Chunk             |     2 |     2 ||     4
Armor: Animal skin       |    18 |     3 ||    21
Dodge: Dodged            |    80 |    29 ||   109
